Map: Dusty Gorge

Players

platypus - Winner!

  • Race: Protoss Protoss
  • League: Diamond
  • Spawn Location: 11:00

Ghosthouse - Winner!

  • Race: Zerg Zerg
  • League: Platinum
  • Spawn Location: 9:00

OpuS

  • Race: Protoss Protoss
  • League: Diamond
  • Spawn Location: 3:00

Sketchaphone

  • Race: Zerg Zerg
  • League: Gold
  • Spawn Location: 5:00

VOD

Have the link to the VOD?

Description

Time

  • Played on: Jan. 8, 2019, 8:17 p.m.
  • Length: 7:26
Show
View Real Time Build Order
Export as new Build Order

platypus Protoss - Winner!

Build Orders:  

Get SALT Encoding   

  12  0:01  Probe  
  13  0:14  Pylon  
  13  0:19  Probe  
  14  0:33  Probe, Gateway  
  14  0:41  Probe  
  15  0:48  Assimilator  
  16  1:12  Probe  
  17  1:21  Cybernetics Core  
  17  1:24  Probe  
  17  1:25  Pylon  
  18  1:33  Probe  
  19  1:41  Probe  
  20  1:52  Probe  
  18  2:01  Warp Gate  
  21  2:06  Probe  
  22  2:11  Nexus  
  22  2:15  Assimilator  
  22  2:31  Probe  
  23  2:40  Robotics Facility  
  23  2:43  Probe  
  24  2:55  Probe  
  25  3:04  Stalker  
  26  3:07  Probe  
  26  3:10  Gateway  
  27  3:19  Probe  
  28  3:27  Probe  
  28  3:31  Probe  
  28  3:33  Gateway  
  30  3:41  Probe  
  31  3:43  Probe  
  32  3:53  Probe  
  33  3:57  Immortal  
  33  4:05  Pylon  
  33  4:06  Probe  
  33  4:08  Probe  
  38  4:15  Gateway  
  38  4:18  Probe  
  39  4:29  Gateway  
  39  4:30  Gateway  
  39  4:34  Immortal  
  39  4:43  Probe x2  
  45  4:55  Probe  
  46  5:06  Pylon, Warp Prism  
  46  5:10  Stalker x2  
  52  5:14  Stalker  
  54  5:24  Probe  
  54  5:26  Stalker  
  54  5:27  Pylon  
  57  5:42  Stalker x2  
  61  5:48  Pylon  
  61  5:50  Pylon  
  61  6:10  Stalker x2  
  61  6:11  Stalker x3  
  71  6:37  Zealot x3  
  71  6:38  Stalker x3  
  83  7:11  Zealot  
  83  7:15  Pylon  
  85  7:18  Pylon  
  85  7:20  Pylon, Forge  
  85  7:23  Forge  
Show
View Real Time Build Order
Export as new Build Order

Ghosthouse Zerg - Winner!

Build Orders: Hatch First 

Get SALT Encoding   

  12  0:01  Drone  
  13  0:16  Overlord  
  13  0:24  Drone  
  14  0:54  Hatchery  
  13  1:00  Drone x3, Extractor  
  15  1:16  Spawning Pool  
  14  1:33  Drone x2  
  14  1:34  Drone  
  17  2:05  Metabolic Boost  
  17  2:07  Zergling x2  
  17  2:08  Zergling x6  
  21  2:24  Drone  
  21  2:25  Drone  
  23  2:31  Queen  
  23  2:32  Queen  
  27  2:48  Drone  
  27  2:50  Overlord x2  
  28  3:12  Overlord x2  
  28  3:15  Drone  
  28  3:16  Drone x3  
  32  3:44  Drone x4  
  32  3:48  Lair  
  36  3:51  Baneling Nest  
  31  4:48  Zergling x2  
  31  4:49  Zergling x26  
  45  4:54  Centrifical Hooks  
  45  5:14  Evolution Chamber  
  44  5:16  Evolution Chamber  
  44  5:17  Drone x3  
  44  5:18  Drone  
  46  5:54  Zergling x20  
  54  6:17  Zergling x2  
  54  6:18  Zergling x10  
  60  6:19  Baneling x3  
  60  6:20  Baneling x16  
  49  6:42  Zergling x2  
  49  6:43  Zergling x16  
  56  6:58  Extractor  
  52  7:15  Hatchery  
Show
View Real Time Build Order
Export as new Build Order

OpuS Protoss 

Build Orders:  

Get SALT Encoding   

  12  0:01  Probe  
  13  0:13  Probe  
  14  0:23  Pylon  
  14  0:25  Probe  
  15  0:41  Probe  
  16  0:47  Gateway  
  16  0:53  Probe  
  17  1:05  Probe  
  17  1:06  Gateway  
  18  1:14  Probe  
  18  1:17  Assimilator  
  19  1:21  Pylon  
  19  1:22  Probe  
  20  1:33  Probe  
  21  1:41  Probe, Cybernetics Core  
  22  1:49  Probe, Assimilator  
  23  2:17  Stalker, Probe  
  26  2:25  Probe  
  27  2:35  Pylon  
  27  2:39  Zealot  
  27  2:42  Warp Gate  
  29  2:53  Robotics Facility  
  29  3:13  Adept  
  29  3:19  Adept  
  29  3:20  Nexus  
  33  3:29  Pylon  
  33  3:35  Pylon  
  33  3:41  Observer  
  34  3:45  Adept  
  34  3:46  Adept  
  38  3:58  Gateway  
  30  4:41  Probe x2  
  30  4:53  Probe  
  30  4:54  Probe  
  30  4:59  Observer  
  32  5:16  Stargate  
  32  5:18  Stargate  
  32  5:19  Probe x2  
  34  5:29  Zealot, Adept  
  34  5:31  Probe  
  34  5:32  Probe  
  40  5:55  Void Ray  
  40  5:57  Probe x2  
  46  6:12  Void Ray  
  37  6:34  Stalker  
Show
View Real Time Build Order
Export as new Build Order

Sketchaphone Zerg 

Build Orders: Hatch First 

Get SALT Encoding   

  12  0:02  Drone  
  13  0:13  Overlord  
  13  0:23  Drone  
  13  0:25  Extractor  
  13  0:26  Drone  
  15  0:37  Drone x2  
  17  0:56  Hatchery  
  16  1:12  Spawning Pool  
  16  1:13  Extractor  
  16  1:18  Drone x2  
  16  1:27  Overlord  
  16  1:38  Drone  
  17  1:51  Drone  
  19  1:54  Drone  
  19  2:00  Queen  
  21  2:08  Queen  
  21  2:09  Drone  
  21  2:12  Drone  
  25  2:21  Drone  
  26  2:23  Drone  
  27  2:32  Drone  
  27  2:33  Drone  
  27  2:36  Pneumatized Carapace  
  29  2:47  Overlord  
  29  2:58  Overlord  
  29  2:59  Hatchery  
  28  3:17  Spine Crawler  
  27  3:20  Spine Crawler  
  27  3:23  Spine Crawler, Drone x2  
  27  3:28  Overlord  
  27  3:35  Overlord, Drone  
  27  3:40  Zergling x4  
  30  3:42  Drone  
  30  3:43  Drone  
  32  3:48  Overlord  
  32  3:57  Queen  
  34  4:12  Spine Crawler  
  34  4:16  Zergling x2  
  34  4:29  Drone x2  
  36  4:35  Roach Warren  
  35  4:39  Extractor  
  35  4:40  Drone x2  
  35  4:41  Overlord  
  35  4:42  Drone x4  
  35  4:44  Zergling x8  
  44  4:53  Zergling x2  
  44  4:55  Zergling x4  
  47  5:34  Roach x3  
  47  5:35  Roach x10  
  73  5:50  Overlord  
  73  5:54  Metabolic Boost  
  73  5:57  Drone  
  73  6:00  Drone x2, Extractor  
  73  6:02  Extractor  
  74  6:07  Queen  
  76  6:13  Roach x2  
  76  6:14  Overlord, Roach  
  76  6:15  Overlord  
  68  6:42  Roach  
  68  6:43  Roach x4  
  66  6:50  Roach  
  66  6:52  Zergling x8  
  69  7:01  Zergling x2  
  69  7:02  Zergling x4  
  69  7:04  Roach x2  
Tags
 
Add a new tag
Caveats
  • Supply blocks, unpowered buildings, or Contaminate may cause inaccurate times.
  • Supply counts are checked every 10 seconds.